 Dungeon Crawl Stone Soup version 0.29.0-11-gd7f09526c8 (webtiles) character file.

Game seed: 16544938630526912904

1284 SensoryNuts the Cudgeller (level 8, -2/77 (78) HPs)
             Began as a Troll Fighter on Sept 6, 2022.
             Slain by an orc warrior
             ... wielding a +0 mace
              (8 damage)
             ... on level 6 of the Dungeon.
             The game lasted 00:07:30 (4742 turns).

SensoryNuts the Cudgeller (Troll Fighter)           Turns: 4742, Time: 00:07:30

HP:   -2/77 (78)    AC:  8    Str: 27    XL:     8   Next: 29%
MP:   7/7           EV: 10    Int:  4    God:
Gold: 770           SH:  0    Dex:  9    Spells: 7/7 levels left

rFire   . . .      SeeInvis .   a - +0 flail
rCold   . . .      Faith    .   (no shield)
rNeg    . . .      Spirit   .   b - +0 robe
rPois   .          Reflect  .   m - +2 hat
rElec   .          Harm     .   g - +1 cloak
rCorr   .          Rampage  .   (gloves unavailable)
Will    .....                   (boots unavailable)
Stlth   +.........              (no amulet)
HPRegen 1.02/turn               (no ring)
MPRegen 0.10/turn               (no ring)

@: brilliant, about to teleport, lightly drained
A: large, unfitting armour, claws 3, regeneration 1, shaggy fur 1, tough skin 1
a: no special abilities


You were on level 6 of the Dungeon.
You visited 2 branches of the dungeon, and saw 7 of its levels.
You also visited: Ossuary.

You collected 770 gold pieces.

Inventory:

Hand Weapons
 a - a +0 flail (weapon)
Missiles
 l - 2 throwing nets (quivered)
Armour
 b - a +0 robe (worn)
 c - a +0 kite shield
 g - a +1 cloak (worn)
 m - a +2 hat (worn)
Jewellery
 d - a +6 ring of intelligence
 q - a ring of willpower
 r - a +6 ring of intelligence
Scrolls
 h - a scroll of identify
 i - 4 scrolls of teleportation
 n - a scroll of poison
 u - a scroll of silence
Potions
 e - a potion of resistance
 f - 2 potions of lignification
 k - a potion of magic


   Skills:
 + Level 3.9 Fighting
 * Level 7.3 Maces & Flails
 + Level 4.5 Dodging
 + Level 0.7 Stealth
 + Level 3.1 Shields


You had 7 spell levels left.
You didn't know any spells.
Your spell library contained the following spells:

 Spells                   Type           Power      Damage    Failure   Level
 Apportation              Tloc           0%         N/A       50%         1
 Necrotise                Necr           0%         1d4       50%         1
 Summon Small Mammal      Summ           0%         N/A       50%         1
 Gell's Gravitas          Tloc           0%         N/A       86%         3
 Ozocubu's Armour         Ice            0%         N/A       86%         3
 Teleport Other           Tloc           0%         N/A       86%         3
 Metabolic Englaciation   Hex/Ice        0%         N/A       100%        5
 Dispersal                Tloc           0%         N/A       100%        6
 Simulacrum               Ice/Necr       0%         N/A       100%        6


Dungeon Overview and Level Annotations

Branches:
Dungeon (6/15)             Temple (1/1) D:4         Ossuary (visited)

Altars:
Ashenzari
Cheibriados
Dithmenos
Elyvilon
Fedhas
Gozag
Hepliaklqana
Kikubaaqudgha
Makhleb
Okawaru
Qazlal
Ru
Sif Muna
Trog
Vehumet
Wu Jian
Xom
Yredelemnul
Zin
The Shining One


Innate Abilities, Weirdness & Mutations

You are too large for most types of armour.
You have claws for hands.
Your natural rate of healing is unusually fast.
You are covered in fur. (AC +1)
You have tough skin. (AC +1)


Message History

You are too injured to fight recklessly!
It was a potion of brilliance.
You feel clever all of a sudden.
You feel sick.
The orc warrior hits you with a +0 mace.
Okay, then.
The kobold shouts!
You sock the orc warrior!
The orc warrior is heavily wounded.
You feel sick.
The orc warrior hits you with a +0 mace.
* * * LOW HITPOINT WARNING * * *
You hit the orc warrior but do no damage.
The orc warrior is heavily wounded.
You feel sick.
The orc warrior hits you with a +0 mace.
* * * LOW HITPOINT WARNING * * *
You closely miss the orc warrior.
The orc warrior is heavily wounded.
You feel sick. The orc warrior misses you.
You barely miss the orc warrior.
The orc warrior is heavily wounded.
You feel sick.
You are no longer poisoned.
The orc warrior closely misses you.
A kobold comes into view. It is wielding a +0 club.
The kobold shouts!
You sock the orc warrior!
The orc warrior is almost dead.
The orc warrior hits you with a +0 mace.
* * * LOW HITPOINT WARNING * * *
The orc warrior closely misses you.
As you read the scroll of teleportation, it crumbles to dust.
You feel strangely unstable.
The orc warrior hits you with a +0 mace!
* * * LOW HITPOINT WARNING * * *
Unknown command.
The orc warrior attacks as you move away!
The orc warrior hits you with a +0 mace!
You die...

.# .. # #.###.. #K .#
........#.#.... ##. .#
..............# K. K#
........# #...# h#K#
#.......# #..###oK#
#.......# ##....@#
#.......# #....#.# #
#.......#+#+.....###.
#.............###...#
..............## .#.#
.###'###.......##...###
.# #.###.....#.........
.###..###+#+###....##..
.+........#. #....#


You could see an orc warrior, a black bear, a kobold brigand and 4 kobolds.

Vanquished Creatures
  Sigmund (D:3)
  A water moccasin (D:5)
  A sky beast (D:6)
  A phantom (D:5)
  An elf zombie (Ossuary)
  3 scorpions
  5 wights (D:5)
  A hound (D:4)
  2 human zombies (Ossuary)
  2 orc priests (D:5)
  An orc wizard (D:5)
  4 mummies (Ossuary)
  2 adders
  A shadow imp (D:6)
  3 dart slugs
  6 orcs
  10 ball pythons
  6 bats
  8 endoplasms
  4 giant cockroaches
  A gnoll zombie (Ossuary)
  5 hobgoblins
  3 jackals (D:4)
  9 kobolds
  3 quokkas
  7 frilled lizards
  6 goblins
  4 goblin zombies
  A hobgoblin zombie (Ossuary)
  2 jackal zombies (Ossuary)
  A kobold zombie (Ossuary)
  An orc zombie (Ossuary)
  A quokka zombie (D:5)
  5 rats
112 creatures vanquished.

Notes
Turn   | Place    | Note
-------+----------+-------------------------------------------
     0 | D:1      | SensoryNuts the Troll Fighter began the quest for the Orb.
     0 | D:1      | Reached XP level 1. HP: 22/22 MP: 0/0
   325 | D:1      | Reached XP level 2. HP: 29/29 MP: 1/1
   494 | D:1      | Reached skill level 2 in Maces & Flails
   710 | D:1      | Reached XP level 3. HP: 36/36 MP: 2/2
   722 | D:1      | Found a faded altar of an unknown god.
  1982 | D:3      | Noticed Sigmund
  1999 | D:3      | Killed Sigmund
  2000 | D:3      | Reached skill level 3 in Maces & Flails
  2000 | D:3      | Reached XP level 4. HP: 24/45 MP: 3/3
  2000 | D:3      | Reached XP level 5. HP: 28/53 MP: 4/4
  2080 | D:3      | Reached skill level 4 in Maces & Flails
  2243 | D:3      | Reached XP level 6. HP: 52/61 MP: 5/5
  2870 | D:4      | Found a staircase to the Ecumenical Temple.
  3199 | Temple   | Entered the Ecumenical Temple
  3442 | D:5      | Entered Level 5 of the Dungeon
  3466 | D:5      | Reached skill level 5 in Maces & Flails
  3574 | D:5      | Noticed a water moccasin
  3593 | D:5      | Killed a water moccasin
  3594 | D:5      | Reached XP level 7. HP: 17/67 MP: 6/6
  3799 | D:5      | Found a sand-covered staircase.
  3849 | Ossuary  | Entered an ossuary
  3904 | Ossuary  | Reached skill level 6 in Maces & Flails
  4423 | D:5      | Identified a scroll of acquirement
  4423 | D:5      | Acquired 560 gold pieces
  4492 | D:5      | HP: 2/55 [wight/+2 long sword of freezing (2)]
  4515 | D:5      | Reached XP level 8. HP: 47/67 MP: 7/7
  4624 | D:6      | Reached skill level 7 in Maces & Flails
  4742 | D:6      | Slain by an orc warrior

Illustrated notes

Levels and vault maps discovered:
D:1:      dpeg_cavernosity, layout_basic,
          dreamdust_ecumenical_altar_angels_and_demons, minmay_tiny_reverse_x
D:2:      layout_loops_ring
D:3:      layout_loops_ring, uniq_sigmund
D:4:      layout_basic, temple_doors_e, minmay_misc_feat_x
D:5:      layout_rooms, enter_ossuary_4, wad_floor_pattern_1,
          nicolae_eternal_life
D:6:      layout_basic, minmay_starry_boxes
Temple:   nicolae_temple_slightly_damp_pantheon

Skill      XL: |  1  2  3  4  5  6  7  8 |
---------------+-------------------------+-----
Shields        | 3 |  3.1
Maces & Flails | 2 3 4 5 6 7 |  7.3
Fighting       | 3 |  3.9
Dodging        | 3 4 |  4.5
Stealth        | |  0.7

Action                   |  1- 3 |  4- 6 |  7- 9 || total
-------------------------+-------+-------+-------++-------
Melee: Flail             |   202 |   139 |   168 ||   509
       Punch             |       |     1 |     3 ||     4
  Use: Scroll            |     8 |     7 |     7 ||    22
       Potion            |     3 |     7 |     8 ||    18
 Stab: Sleeping          |     1 |       |       ||     1
       Invisible         |       |     1 |       ||     1
Armor: Robe              |    87 |   101 |   138 ||   326
Dodge: Dodged            |   125 |   135 |   147 ||   407
Block: Kite shield       |     4 |       |       ||     4
